 Dungeon Crawl Stone Soup version 0.23.2-40-g277498a001 (webtiles) character file.

Game seed: 15096492726062600959

96 Deathwalker the Ducker (level 4, 0/33 HPs)
             Began as a Human Warper on Aug 17, 2019.
             Succumbed to Crazy Yiuf's poison
             ... on level 2 of the Dungeon.
             The game lasted 00:08:39 (2296 turns).

Deathwalker the Ducker (Human Warper)               Turns: 2296, Time: 00:08:40

Health: 0/33       AC:  4    Str: 11    XL:     4   Next: 98%
Magic:  6/8        EV: 11    Int: 13    God:
Gold:   77         SH:  0    Dex: 14    Spells: 4/8 levels left

rFire    . . .     SeeInvis .   o - +2 dagger (venom)
rCold    . . .     Gourm    .   (no shield)
rNeg     . . .     Faith    .   u - -1 ring mail (curse)
rPois    .         Spirit   .   (no helmet)
rElec    .         Reflect  .   (no cloak)
rCorr    .         Harm     .   (no gloves)
MR       .....                  (no boots)
Stlth    +.........             (no amulet)
HPRegen  0.11/turn              (no ring)
MPRegen  0.11/turn              (no ring)

@: lethally poisoned (0 -> -7)
A: no striking features
a: no special abilities


You were on level 2 of the Dungeon.
You were hungry.

You visited 1 branch of the dungeon, and saw 2 of its levels.

You collected 77 gold pieces.

Inventory:

Hand Weapons
 a - a +0 falchion
 o - a +2 dagger of venom (weapon)
Missiles
 e - 5 tomahawks of dispersal (quivered)
 q - 59 stones
 t - 19 poisoned needles
Armour
 b - a +0 leather armour
 u - a cursed -1 ring mail (worn)
Jewellery
 j - an uncursed ring of protection from cold {unknown}
Scrolls
 d - a scroll of blinking
 g - a scroll of random uselessness {unknown}
 i - a scroll of amnesia {unknown}
 m - 2 scrolls of remove curse {unknown}
 p - 2 scrolls of identify {unknown}
 r - a scroll of fog {unknown}
 s - 3 scrolls of immolation {unknown}
 v - a scroll of magic mapping {unknown}
Potions
 c - 2 potions of magic {unknown}
 h - 2 potions of lignification {unknown}
 k - a potion of might {unknown}
 l - a potion of berserk rage {unknown}
 n - a potion of curing {unknown}
Comestibles
 f - 4 rations


   Skills:
 - Level 2.0 Fighting
 - Level 2.0 Long Blades
 - Level 1.0 Throwing
 + Level 2.1 Armour
 * Level 3.3 Dodging
 + Level 2.7 Spellcasting
 - Level 1.1 Charms
 - Level 3.0 Translocations


You had 4 spell levels left.
You knew the following spells:

 Your Spells              Type           Power        Failure   Level  Hunger
a - Blink                 Tloc           N/A          24%         2    ###....
b - Shroud of Golubria    Chrm/Tloc      #.........   34%         2    ###....

Your spell library contained the following spells:

 Spells                   Type           Power        Failure   Level  Hunger
 Gell's Gravitas          Tloc           #.........   43%         3    ###....
 Lesser Beckoning         Tloc           #.........   43%         3    ###....
 Teleport Other           Tloc           #.......     43%         3    ###....
 Passage of Golubria      Tloc           N/A          85%         4    #####..


Dungeon Overview and Level Annotations

Branches:
Dungeon (2/15)

Altars:
Cheibriados
Nemelex Xobeh
Qazlal
Ru

Annotations:
D:2 Crazy Yiuf


Message History

You closely miss Crazy Yiuf.
Crazy Yiuf hits you with a +2 quarterstaff of chaos!
Your shroud falls apart!
You are electrocuted!!
Ouch! That really hurt!
* * * LOW HITPOINT WARNING * * *
You hit Crazy Yiuf.
Crazy Yiuf is moderately wounded.
Crazy Yiuf misses you.
You hit Crazy Yiuf.
Crazy Yiuf is poisoned.
Crazy Yiuf is moderately wounded.
You hit Crazy Yiuf but do no damage.
Crazy Yiuf looks as sick as possible!
Crazy Yiuf is moderately wounded.
Crazy Yiuf yells, "Blight!
Shadow hand aubergine."
Crazy Yiuf hits you with a +2 quarterstaff of chaos.
* * * LOW HITPOINT WARNING * * *
You are lethally poisoned!
You hit Crazy Yiuf.
Crazy Yiuf is heavily wounded.
You die...

.# ##.##
#.# .#
#...# ###
.# #...#
## ##..#
##### §§
#.###
#..)#
§§§§#...#
#...#
§§§§###.##
... §§§§#
#..# #g#
§§§§###..#
♣♣@♣
#....###
♣.♣♣
#.##...#
♣♣.♣
#.######
♣.♣♣
#.######
♣♣.♣♣
#......#
♣...♣♣
######.#
♣....♣ #.#
#....#
#.###....#


You could see Crazy Yiuf.

Vanquished Creatures
  A worker ant (D:2)
  3 adders (D:2)
  An ooze (D:2)
  2 dart slugs
  2 leopard geckos
  2 bats
  2 giant cockroaches
  6 goblins
  4 hobgoblins
  7 kobolds
  A frilled lizard (D:1)
  3 rats
34 creatures vanquished.

Notes
Turn   | Place    | Note
-------+----------+-------------------------------------------
     0 | D:1      | Deathwalker the Human Warper began the quest for the Orb.
     0 | D:1      | Reached XP level 1. HP: 16/16 MP: 3/3
   163 | D:1      | Reached XP level 2. HP: 22/22 MP: 5/5
   167 | D:1      | Learned a level 2 spell: Blink
   170 | D:1      | Learned a level 2 spell: Shroud of Golubria
   672 | D:1      | Reached XP level 3. HP: 27/27 MP: 6/6
   824 | D:1      | HP: 1/27 [poisoned by an adder]
  1164 | D:2      | Reached XP level 4. HP: 27/33 MP: 7/7
  1196 | D:2      | Found a stormy altar of Qazlal.
  1236 | D:2      | Found a runed translucent door.
  1237 | D:2      | Noticed Crazy Yiuf
  1282 | D:2      | Found a sparkling altar of Nemelex Xobeh.
  1365 | D:2      | Reached skill level 1 in Charms
  1790 | D:2      | Found a snail-covered altar of Cheibriados.
  2087 | D:2      | Found a sacrificial altar of Ru.
  2295 | D:2      | HP: 1/33 [Crazy Yiuf/+2 quarterstaff of chaos (3)]
  2296 | D:2      | Succumbed to Crazy Yiuf's poison

Skill      XL: |  1  2  3  4 |
---------------+-------------+-----
Armour         | 2 |  2.1
Dodging        | 3 |  3.3
Charms         | 1 |  1.1
Fighting       | |  2.0
Long Blades    | |  2.0
Throwing       | |  1.0
Spellcasting   | |  2.7
Translocations | |  3.0

Action                   |  1- 3 |  4- 6 || total
-------------------------+-------+-------++-------
Melee: Falchion          |    32 |       ||    32
       Dagger            |    30 |    42 ||    72
 Cast: Shroud of Golubri |       |     2 ||     2
  Eat: Chunk             |       |     4 ||     4
Armor: Leather armour    |    18 |     4 ||    22
Dodge: Dodged            |    48 |    28 ||    76
       Rpst.: Falchion   |     8 |       ||     8
